 Dungeon Crawl Stone Soup version 0.17.0-7-gfadd4cc (webtiles) character file.

72 JudasIscariot the Cutter (level 4, -1/29 HPs)
             Began as a Kobold Berserker on Nov 8, 2015.
             Was a Believer of Trog.
             Killed from afar by an orc wizard (6 damage)
             ... with a puff of flame
             ... on level 3 of the Dungeon.
             The game lasted 00:06:16 (1888 turns).

JudasIscariot the Cutter (Kobold Berserker)         Turns: 1888, Time: 00:06:18

Health: -1/29      AC:  3    Str: 15    XL:     4   Next: 48%
Magic:  4/4        EV: 16    Int:  5    God:    Trog [**....]
Gold:   94         SH:  0    Dex: 16    Spells: 0 memorised, 3 levels left

rFire  . . .     SeeInvis .     a - +0 short sword
rCold  . . .     Clarity  .     b - +0 animal skin
rNeg   . . .     SustAt   .     (shield restricted)
rPois  .         Gourm    .     (no helmet)
rElec  .         Spirit   .     (no cloak)
rCorr  .         Warding  .     (no gloves)
rMut   .         Stasis   .     n - +0 pair of boots
MR     ++...                    (no amulet)
Stlth  ++........               (no ring)
                                (no ring)

@: regenerating, very resistant to hostile enchantments, unstealthy
A: carnivore 3
a: Berserk, Trog's Hand, Burn Spellbooks, Renounce Religion


You were on level 3 of the Dungeon.
You worshipped Trog.
Trog was pleased with you.
You were completely stuffed.

You visited 1 branch of the dungeon, and saw 3 of its levels.

You collected 94 gold pieces.

Inventory:

Hand Weapons
 a - a +0 short sword (weapon)
Armour
 b - a +0 animal skin (worn)
 n - a +0 pair of boots (worn)
Scrolls
 d - a scroll of fog {unknown}
 e - 3 scrolls of immolation {unknown}
 g - 2 scrolls of identify {unknown}
 m - a scroll of remove curse {unknown}
Potions
 f - 2 potions of brilliance {unknown}
 i - a potion of cancellation {unknown}
 j - a potion of invisibility {unknown}
 k - 2 potions of curing {unknown}
 l - a potion of ambrosia {unknown}
 o - a potion of agility {unknown}
Comestibles
 c - 2 meat rations
 h - a chunk of flesh
 p - a beef jerky


   Skills:
 * Level 3.8 Fighting
 * Level 4.5 Short Blades
 - Level 1.5 Armour
 * Level 3.9 Dodging
 * Level 1.9 Stealth


You had 3 spell levels left.
You didn't know any spells.

Dungeon Overview and Level Annotations

Branches:
Dungeon (3/15)

Altars:
Yredelemnul
The Shining One


Innate Abilities, Weirdness & Mutations

You are small and have problems with some larger weapons.
You are carnivorous and can eat meat at any time.


Message History

The magic dart hits you!
You hit the orc but do no damage.
The orc wizard gestures at you while chanting.
The magic dart hits you!
* * * LOW HITPOINT WARNING * * *
Some of the chunks of flesh in your inventory have rotted away.
The orc wizard gestures at you while chanting.
The magic dart hits you!
* * * LOW HITPOINT WARNING * * *
You hit the orc wizard.
The orc wizard is severely wounded.
The orc wizard misses you.
You barely miss the orc wizard.
The orc wizard is severely wounded.
The orc wizard hits you with a dagger.
* * * LOW HITPOINT WARNING * * *
You hear some strange, mumbled words.
A puff of flame appears from out of thin air!
The puff of flame hits you!
You die...

#.# ###..# ..#
#....# #..#.#..##
###########.#.#<...
.........##.._...†.
##.......####.#....
.........# #..##..
#.o.....# ##.##..
#@......# #.##..
#o#.....#####.##..
#g#.).........##..
#.'g.....#######..
###.....##
#...).......
###.........
#.######## #.#


You could see an orc wizard, an orc and a hobgoblin.

Vanquished Creatures
  2 adders (D:2)
  4 giant geckos
  An orc (D:3)
  9 bats
  2 giant cockroaches (D:2)
  3 hobgoblins
  2 jackals (D:1)
  A quokka (D:1)
  3 giant newts
  6 goblins
  9 kobolds
  6 rats
48 creatures vanquished.

Notes
Turn   | Place    | Note
--------------------------------------------------------------
     0 | D:1      | JudasIscariot the Kobold Berserker began the quest for the Orb.
     0 | D:1      | Reached XP level 1. HP: 14/14 MP: 1/1
   460 | D:1      | Reached XP level 2. HP: 16/19 MP: 2/2
   462 | D:1      | Reached skill level 1 in Stealth
   845 | D:1      | Reached XP level 3. HP: 18/23 MP: 3/3
  1289 | D:2      | Reached ** piety under Trog
  1351 | D:2      | Reached XP level 4. HP: 24/29 MP: 4/4
  1423 | D:2      | Found a basalt altar of Yredelemnul.
  1843 | D:3      | Found a glowing golden altar of the Shining One.
  1888 | D:3      | Killed from afar by an orc wizard

Action                   |  1- 3 |  4- 6 || total
-------------------------+-------+-------++-------
Melee: Short sword       |   130 |    63 ||   193
Invok: Trog's Hand       |     1 |     1 ||     2
 Stab: Sleeping          |     1 |     1 ||     2
  Eat: Chunk             |    10 |     2 ||    12
